 Dungeon Crawl Stone Soup version 0.18.1-48-g4cf74bf (webtiles) character file.

209 Kirk the Chopper (level 5, -1/41 HPs)
             Began as a Demonspawn Gladiator on Aug 23, 2016.
             Succumbed to Ge0ff's ghost's poison
             ... on level 4 of the Dungeon.
             The game lasted 00:09:05 (3133 turns).

Kirk the Chopper (Demonspawn Gladiator)             Turns: 3133, Time: 00:09:05

Health: -1/41      AC:  6    Str: 16 (17) XL:     5   Next: 55%
Magic:  5/5        EV: 12    Int:  8 (9)  God:
Gold:   193        SH:  0    Dex: 13      Spells: 0 memorised, 4 levels left

rFire  . . .     SeeInvis .     a - +1 war axe
rCold  . . .     Gourm    .     b - +0 leather armour
rNeg   . . .     Faith    .     (no shield)
rPois  .         Spirit   .     c - +1 helmet
rElec  .         Dismiss  .     (no cloak)
rCorr  .         Reflect  .     (no gloves)
SustAt .         Harm     .     (no boots)
MR     .....                    (no amulet)
Stlth  +.........               (no ring)
                                (no ring)

@: lethally poisoned (-1 -> -27), very slightly contaminated, hasted, very
quick, not resistant to hostile enchantments, very unstealthy
A: molten scales 1, powered by pain 1
a: no special abilities


You were on level 4 of the Dungeon.
You were hungry.

You visited 1 branch of the dungeon, and saw 4 of its levels.

You collected 193 gold pieces.

Inventory:

Hand Weapons
 a - a +1 war axe (weapon)
 i - a cursed -1 hunting sling
Missiles
 d - 3 throwing nets (quivered)
 p - 5 tomahawks
Armour
 b - a +0 leather armour (worn)
 c - a +1 helmet (worn)
 e - a +0 scale mail
 s - a +0 helmet
Scrolls
 k - a scroll of blinking
 q - a scroll of teleportation
 t - a scroll of identify
Comestibles
 f - 5 bread rations
 h - a meat ration
 v - a slice of pizza


   Skills:
 + Level 3.5 Fighting
 + Level 5.0 Axes
 - Level 1.7 Throwing
 + Level 0.3 Armour
 - Level 2.6 Dodging


You had 4 spell levels left.
You didn't know any spells.

Dungeon Overview and Level Annotations

Branches:
Dungeon (4/15)
 Temple: D:4-7

Altars:
Qazlal

Annotations:
D:4 Ge0ff's ghost, amateur HuWn


Innate Abilities, Weirdness & Mutations

You are partially covered in molten scales (AC +1).
You sometimes gain a little power by taking damage.


Message History

* * * LOW HITPOINT WARNING * * *
You feel sick.
You barely miss Ge0ff's ghost.
Ge0ff's ghost is moderately damaged.
* * * LOW HITPOINT WARNING * * *
You feel sick. Ge0ff's ghost hits you.
* * * LOW HITPOINT WARNING * * *
You are more poisoned.
You closely miss Ge0ff's ghost.
Ge0ff's ghost is moderately damaged.
* * * LOW HITPOINT WARNING * * *
You feel very sick. Ge0ff's ghost barely misses you.
You hit Ge0ff's ghost but do no damage.
Ge0ff's ghost is moderately damaged.
* * * LOW HITPOINT WARNING * * *
You feel sick. Ge0ff's ghost closely misses you.
You miss Ge0ff's ghost.
Ge0ff's ghost is moderately damaged.
You die...

#.# # #..... #.#
#..).# #.# #... #†# #
.... #..# #.#### #
#.# #.#.#
#....####..# #
......#######..<....#
##. ........[.####..#
.#..#...#W@## ..'..
.# #.#.#.#$###....# ⌠
.# #...#.........#
..#...#.##...##
#.#.#.#.#.# .#
...#...# .# .#...#.
#. ?#.#. #. . ...# ..


You could see Ge0ff's ghost.

Vanquished Creatures
  An orc wizard (D:4)
  3 worker ants (D:4)
  4 adders
  3 dart slugs
  A worm (D:2)
  4 giant geckos
  5 orcs
  A ball python (D:4)
  7 bats
  5 giant cockroaches
  A goblin (D:1)
  5 hobgoblins
  8 jackals
  4 giant newts
  5 kobolds
  5 rats (D:1)
62 creatures vanquished.

Notes
Turn   | Place    | Note
--------------------------------------------------------------
     0 | D:1      | Kirk the Demonspawn Gladiator began the quest for the Orb.
     0 | D:1      | Reached XP level 1. HP: 16/16 MP: 1/1
   245 | D:1      | Reached skill level 3 in Axes
   298 | D:1      | Gained mutation: You sometimes gain a little power by taking damage. [demonic ancestry]
   298 | D:1      | Reached XP level 2. HP: 20/22 MP: 2/2
   941 | D:2      | Reached XP level 3. HP: 19/28 MP: 3/3
  1252 | D:2      | Reached skill level 4 in Axes
  1448 | D:2      | Gained mutation: You are partially covered in molten scales (AC +1). [demonic ancestry]
  1448 | D:2      | Reached XP level 4. HP: 30/34 MP: 4/4
  2127 | D:3      | Found a stormy altar of Qazlal.
  2631 | D:4      | Gained mutation: You have sharp toenails. [potion of mutation]
  2631 | D:4      | Gained mutation: You are weak. (Str -2) [potion of mutation]
  2631 | D:4      | Gained mutation: You are occasionally teleported next to monsters. [potion of mutation]
  2634 | D:4      | Lost mutation: You are weak. (Str -2) [potion of cure mutation]
  2634 | D:4      | Lost mutation: You are occasionally teleported next to monsters. [potion of cure mutation]
  2634 | D:4      | Lost mutation: You have sharp toenails. [potion of cure mutation]
  2653 | D:4      | Reached XP level 5. HP: 24/41 MP: 5/5
  2660 | D:4      | Noticed Ge0ff's ghost (amateur HuWn)
  2723 | D:4      | Noticed an ogre
  2878 | D:4      | Reached skill level 5 in Axes
  3131 | D:4      | HP: 2/41 [poisoned by Ge0ff's ghost]
  3133 | D:4      | Succumbed to Ge0ff's ghost's poison

Skill      XL: |  1  2  3  4  5 |
---------------+----------------+-----
Axes           | 3 4 5 |  5.0
Fighting       | 3 |  3.5
Throwing       | |  1.7
Armour         | |  0.3
Dodging        | |  2.6

Action                   |  1- 3 |  4- 6 || total
-------------------------+-------+-------++-------
Melee: War axe           |   115 |   152 ||   267
Throw: Throwing net      |       |     1 ||     1
  Use: Potion            |       |     9 ||     9
       Scroll            |       |     8 ||     8
 Stab: Sleeping          |     2 |     1 ||     3
       Held in net/web   |       |     1 ||     1
  Eat: Chunk             |     2 |     5 ||     7
Armor: Leather armour    |    32 |    70 ||   102
Dodge: Dodged            |   103 |   153 ||   256
